 Dungeon Crawl Stone Soup version 0.28.0-53-g5a82cb258f (webtiles) character file.

Game seed: 15345497672674281266

9604 Peloso the Carver (level 11, -2/95 HPs)
             Began as a Minotaur Fighter on May 21, 2022.
             Was an Elder of Okawaru.
             Slain by a seven-headed hydra (3 damage)
             ... on level 10 of the Dungeon.
             The game lasted 00:18:25 (11683 turns).

Peloso the Carver (Minotaur Fighter)               Turns: 11683, Time: 00:18:25

Health: -2/95      AC: 18    Str: 30    XL:     11   Next: 25%
Magic:  10/10      EV: 10    Int:  5    God:    Okawaru [****..]
Gold:   49         SH:  5    Dex: 11    Spells: 10/10 levels left

rFire   . . .      SeeInvis .   b - +7 falchion "Jellyslayer" {vorpal, *Rage Fly rC+ Will+}
rCold   + . .      Faith    .   c - +0 buckler
rNeg    . . .      Spirit   .   I - +1 chain mail {rPois}
rPois   +          Reflect  .   (helmet restricted)
rElec   +          Harm     .   J - +0 cloak
rCorr   +          Rampage  .   i - +2 pair of gloves
Will    ++...      Rage     20% (no boots)
Stlth   ..........              (no amulet)
HPRegen 0.25/turn               w - +6 ring of strength
MPRegen 0.12/turn               L - ring of the Firefly {rElec Will+ rCorr}

@: about to teleport, on berserk cooldown, flying, slowed, very slow
A: horns 2, retaliatory headbutt
a: Renounce Religion, Heroism, Finesse


You were on level 10 of the Dungeon.
You worshipped Okawaru.
Okawaru was greatly pleased with you.
You visited 2 branches of the dungeon, and saw 12 of its levels.
You also visited: Sewer.

You collected 563 gold pieces.
You spent 514 gold pieces at shops.

Inventory:

Hand Weapons
 a - a +1 long sword of freezing
 b - the +7 falchion "Jellyslayer" (weapon) {vorpal, *Rage Fly rC+ Will+}
   (You found it on level 7 of the Dungeon)

   It inflicts extra damage upon your enemies.
   rC:        It protects you from cold.
   Fly:       It grants you flight.
   *Rage:     It berserks you when you make melee attacks (+20% chance).
   Will:      It increases your willpower.
 x - a +0 hand crossbow
Missiles
 H - 20 bolts
Armour
 c - a +0 buckler (worn)
 i - a +2 pair of gloves (worn)
 I - a +1 chain mail of poison resistance (worn)
 J - a +0 cloak (worn)
Jewellery
 w - a +6 ring of strength (left hand)
 G - a ring of ice
 L - the ring of the Firefly (right hand) {rElec Will+ rCorr}
   (You bought it in a shop on level 1 of the Dungeon)

   [ring of resist corrosion]

   rElec:     It insulates you from electricity.
   rCorr:     It protects you from acid and corrosion.
   Will:      It increases your willpower.
Wands
 f - a wand of paralysis (1)
 B - a wand of digging (4)
 K - a wand of polymorph (5)
Scrolls
 e - 2 scrolls of noise
 h - 3 scrolls of teleportation
 k - 3 scrolls of blinking
 l - a scroll of identify
 o - 3 scrolls of immolation
 p - a scroll of brand weapon
 q - a scroll of acquirement
 r - 3 scrolls of enchant weapon
 t - a scroll of holy word
 y - 2 scrolls of magic mapping
 z - 2 scrolls of fear {unknown}
 A - a scroll of vulnerability {unknown}
 C - a scroll of enchant armour {unknown}
 E - a scroll of amnesia {unknown}
 F - a scroll of fog {unknown}
Potions
 d - 2 potions of might
 g - 3 potions of cancellation
 j - 4 potions of heal wounds
 m - a potion of mutation
 n - 2 potions of lignification {unknown}
 s - 3 potions of brilliance {unknown}
 u - 2 potions of haste {unknown}
 v - 5 potions of curing {unknown}
 D - 2 potions of attraction {unknown}


   Skills:
 + Level 8.9 Fighting
 + Level 13.3 Long Blades
 + Level 11.3 Armour
 + Level 5.2 Dodging
 + Level 2.2 Stealth
 + Level 7.9 Shields
 + Level 0.3 Invocations


You had 10 spell levels left.
You didn't know any spells.
Your spell library contained the following spells:

 Spells                   Type           Power      Damage    Failure   Level
 Slow                     Hex            0%         N/A       94%         1
 Sublimation of Blood     Necr           0%         N/A       98%         2
 Wereblood                Tmut           0%         N/A       98%         2
 Confusing Touch          Hex            0%         N/A       100%        3
 Gell's Gravitas          Tloc           0%         N/A       100%        3
 Lesser Beckoning         Tloc           0%         N/A       100%        3
 Teleport Other           Tloc           0%         N/A       100%        3
 Vampiric Draining        Necr           0%         2d6       100%        3
 Blade Hands              Tmut           0%         N/A       100%        5
 Iron Shot                Conj/Erth      0%         9d1       100%        6
 Animate Armour           Summ/Erth      Unusable   N/A       N/A         4
 Summon Hydra             Summ           Unusable   N/A       N/A         7

Dungeon Overview and Level Annotations

Branches:
Dungeon (11/15)            Temple (1/1) D:7             Orc (0/2) D:11
  Sewer (visited)
   Lair: D:8-11

Altars:
Makhleb
Nemelex Xobeh
Okawaru
Ru
Sif Muna
Uskayaw
Wu Jian
Xom
Yredelemnul
The Shining One

Shops:
D:1 *=(

Annotations:
D:11 exclusion: oklob plant, Grum


Innate Abilities, Weirdness & Mutations

You have a pair of horns on your head.
You reflexively headbutt those who attack you in melee.


Message History

The seven-headed hydra bites you but does no damage.
The seven-headed hydra bites you but does no damage.
The seven-headed hydra bites you.
The seven-headed hydra bites you but does no damage.
The seven-headed hydra barely misses you.
You block the seven-headed hydra's attack.
The seven-headed hydra misses you.
The seven-headed hydra barely misses you.
The seven-headed hydra bites you. x4
The seven-headed hydra barely misses you. x2
The seven-headed hydra bites you but does no damage.
The seven-headed hydra bites you but does no damage.
The seven-headed hydra barely misses you.
The seven-headed hydra bites you but does no damage. x2
The seven-headed hydra bites you.
* * * LOW HITPOINT WARNING * * *
You block the seven-headed hydra's attack.
The seven-headed hydra bites you but does no damage.
There is a stone staircase leading up here.
The seven-headed hydra bites you but does no damage.
The seven-headed hydra barely misses you. x2
The seven-headed hydra bites you.
* * * LOW HITPOINT WARNING * * *
The seven-headed hydra bites you.
* * * LOW HITPOINT WARNING * * *
The seven-headed hydra bites you.
* * * LOW HITPOINT WARNING * * *
The seven-headed hydra bites you but does no damage.
You fly upwards.
There is a stone staircase leading down here.
As you read the scroll of teleportation, it crumbles to dust.
You feel strangely unstable. The seven-headed hydra bites you.
* * * LOW HITPOINT WARNING * * *
The seven-headed hydra bites you but does no damage.
You block the seven-headed hydra's attack.
The seven-headed hydra barely misses you.
The seven-headed hydra bites you!
* * * LOW HITPOINT WARNING * * *
The seven-headed hydra bites you.
You die...

########## #........#
#........#######
#..............#
#..............#
...............#
#........####.######
................@D.#
#........####.#.####
####.##.#.....#.###
####.##....#......#
#.............###.#
..............#.#.#
#............)#...#
.......##.###.#.###
.......##.....#.#####


You could see a seven-headed hydra.

Vanquished Creatures
  Nergalle (D:11)
  Pikel (D:4)
  A cyclops (D:11)
  Maurice (D:9)
  2 gargoyles
  A kobold demonologist (D:7)
  3 trolls (D:11)
  A wyvern (D:8)
  13 yaks
  3 steam dragons
  2 acid dragons
  A water moccasin (D:8)
  An ice beast (D:5)
  A black bear (D:5)
  3 orc warriors
  2 necrophages
  4 ogres
  A lemure (D:4)
  2 wolves (D:10)
  2 centaurs
  2 bullfrogs
  4 scorpions
  3 killer bees (D:9)
  2 electric eels (D:8)
  3 howler monkeys
  5 centaur zombies
  4 orc priests
  A centaur skeleton (D:7)
  A gnoll shaman (D:7)
  A hound (D:4)
  A jelly (D:7)
  6 iguanas
  A scorpion zombie (D:5)
  6 orc wizards
  2 hound skeletons
  2 howler monkey zombies
  3 river rats
  10 adders
  7 gnolls
  2 white imps
  2 ufetubi
  6 dart slugs
  2 worms (D:2)
  34 orcs
  9 bats
  10 endoplasms
  2 giant cockroaches
  9 goblins
  8 hobgoblins
  3 jackals (D:3)
  6 quokkas
  8 ball pythons
  9 frilled lizards
  4 kobolds
  8 rats
232 creatures vanquished.

Vanquished Creatures (others)
  13 plants (D:3)
13 creatures vanquished.

Grand Total: 245 creatures vanquished

Notes
Turn   | Place    | Note
-------+----------+-------------------------------------------
     0 | D:1      | Peloso the Minotaur Fighter began the quest for the Orb.
     0 | D:1      | Reached XP level 1. HP: 19/19 MP: 0/0
    46 | D:1      | Found Hylas's Antique Weapon Shoppe.
    60 | D:1      | Reached skill level 3 in Long Blades
    60 | D:1      | Reached XP level 2. HP: 21/27 MP: 1/1
   206 | D:1      | Found Muubero's Jewellery Shoppe.
   267 | D:1      | Found Untox's Assorted Antiques.
   534 | D:1      | Reached XP level 3. HP: 33/33 MP: 2/2
   678 | D:1      | Found a faded altar of an unknown god.
  1273 | D:2      | Reached skill level 4 in Long Blades
  1354 | D:2      | Reached XP level 4. HP: 40/40 MP: 3/3
  1939 | D:3      | Reached XP level 5. HP: 38/46 MP: 4/4
  2327 | D:3      | Reached skill level 5 in Long Blades
  3034 | D:4      | Reached XP level 6. HP: 31/52 MP: 5/5
  3062 | D:4      | Found a glowing drain.
  3071 | Sewer    | Entered a sewer
  3252 | Sewer    | Reached skill level 5 in Armour
  3619 | D:4      | Reached skill level 6 in Long Blades
  3784 | D:4      | Reached skill level 5 in Shields
  3787 | D:4      | Reached XP level 7. HP: 20/60 MP: 6/6
  4461 | D:4      | Noticed Pikel
  4472 | D:4      | Killed Pikel
  4473 | D:4      | Reached skill level 5 in Fighting
  4473 | D:4      | Reached skill level 7 in Long Blades
  4473 | D:4      | Reached skill level 1 in Dodging
  4473 | D:4      | Reached XP level 8. HP: 44/68 MP: 7/7
  4786 | D:5      | Entered Level 5 of the Dungeon
  4957 | D:5      | Reached skill level 1 in Stealth
  5060 | D:5      | Reached skill level 8 in Long Blades
  5208 | D:5      | Found a shimmering altar of Xom.
  5338 | D:5      | Reached skill level 9 in Long Blades
  5611 | D:5      | Reached XP level 9. HP: 67/75 MP: 8/8
  6558 | D:7      | Noticed a kobold demonologist
  6565 | D:7      | Killed a kobold demonologist
  6566 | D:7      | Reached skill level 10 in Long Blades
  6876 | D:7      | Found a staircase to the Ecumenical Temple.
  6882 | Temple   | Entered the Ecumenical Temple
  7027 | Temple   | Became a worshipper of Warmaster Okawaru
  7480 | D:7      | Identified the +7 falchion "Jellyslayer" {vorpal, *Rage Fly
                  | rC+ Will+}
  7620 | D:8      | Reached skill level 11 in Long Blades
  7942 | D:8      | Reached XP level 10. HP: 86/86 MP: 9/9
  7942 | D:8      | Found a basalt altar of Yredelemnul.
  8776 | D:9      | Reached * piety under Okawaru
  8993 | D:9      | Noticed Maurice
  8994 | D:9      | Paralysed by Maurice for 5 turns
  9003 | D:9      | Killed Maurice
  9018 | D:9      | Identified a scroll of acquirement
  9318 | D:9      | Reached skill level 5 in Dodging
  9647 | D:10     | Entered Level 10 of the Dungeon
  9665 | D:10     | Reached skill level 10 in Armour
  9675 | D:9      | Reached ** piety under Okawaru
  9808 | D:10     | Reached skill level 12 in Long Blades
  9892 | D:10     | Noticed a gargoyle
  9903 | D:10     | Killed a gargoyle
 10585 | D:11     | Noticed a cyclops
 10600 | D:11     | Killed a cyclops
 10619 | D:11     | Noticed an oklob plant
 10640 | D:11     | Noticed a gargoyle
 10642 | D:11     | Reached XP level 11. HP: 95/95 MP: 10/10
 10645 | D:11     | Reached *** piety under Okawaru
 10646 | D:11     | Reached skill level 13 in Long Blades
 10845 | D:11     | Noticed Grum
 10846 | D:11     | Noticed a seven-headed hydra
 11081 | D:1      | Bought the ring of the Firefly {rElec Will+ rCorr} for 514
                  | gold pieces
 11398 | D:11     | Noticed Nergalle
 11550 | D:11     | Killed Nergalle
 11564 | D:11     | Found a staircase to the Orcish Mines.
 11673 | D:11     | Reached **** piety under Okawaru
 11683 | D:10     | HP: 1/95 [seven-headed hydra (13)]
 11683 | D:10     | Slain by a seven-headed hydra

Illustrated notes

Levels and vault maps discovered:
D:1:      pf_arrival_petrified_forest, layout_loops_ring, serial_shops,
          shop_fountains, nicolae_shop_statue_plus, nicolae_shop_trees,
          shapermc_ecumenical_altar_notcrosses
D:2:      minmay_chambers_of_ones, layout_rooms
D:3:      layout_loops_ring, nrook_uturn, nicolae_grassy_gnolls
D:4:      layout_loops_ring, portal_sewer_entry_a, minmay_liquid_box,
          small_statue_intersection, uniq_pikel
D:5:      layout_basic, mainiacjoe_overflow_catwalk
D:6:      layout_gridville
D:7:      layout_cave_pools, minmay_temple_entry_fiery
D:8:      layout_basic, yredelemnul_altar_generic
D:9:      layout_loops_ring, minivault_23, uniq_maurice
D:10:     layout_basic
D:11:     layout_cave_pools, dpeg_oklobed_lair, minmay_misc_feat_four_crosses,
          uniq_grum, uniq_nergalle
Temple:   mainiacjoe_temple_cubbyholes

Skill      XL: |  1  2  3  4  5  6  7  8  9 10 11 |
---------------+----------------------------------+-----
Long Blades    | 3 4 5 6 7 9 11 12 13 | 13.3
Armour         | 4 5 6 8 9 10 11 | 11.3
Fighting       | 4 5 6 7 8 |  8.9
Shields        | 4 5 6 7 |  7.9
Dodging        | 1 2 4 5 |  5.2
Stealth        | 1 2 |  2.2
Invocations    | |  0.3

Action                   |  1- 3 |  4- 6 |  7- 9 | 10-12 || total
-------------------------+-------+-------+-------+-------++-------
Melee: Long sword        |    79 |   201 |   196 |       ||   476
       Headbutt          |     9 |    35 |    43 |    27 ||   114
       Falchion          |       |       |    21 |   138 ||   159
Invok: Heroism           |       |       |       |     2 ||     2
  Use: Scroll            |     2 |     3 |     1 |     7 ||    13
       Potion            |       |     1 |       |       ||     1
Armor: Scale mail        |     4 |       |    91 |     4 ||    99
       Chain mail        |    40 |   123 |     1 |    81 ||   245
Dodge: Dodged            |    26 |    86 |    79 |    75 ||   266
Block: Buckler           |    15 |    48 |    51 |    41 ||   155
